 Dungeon Crawl Stone Soup version 0.30.1 (webtiles) character file.

Game seed: 3275914934037730394

399 DemonSlayer the Digger (level 6, 0/43 HPs)
             Began as a Demonspawn Earth Elementalist on July 1, 2023.
             Was an Initiate of Dithmenos.
             Slain by an ice beast (4 damage)
             ... on level 6 of the Dungeon.
             The game lasted 00:10:26 (4034 turns).

DemonSlayer the Digger (DsEE)                       Turns: 4034, Time: 00:10:26

Health: 0/43       AC:  5    Str:  9    XL:     6   Next: 53%
Magic:  26/30      EV: 13    Int: 12    God:    Dithmenos [......]
Gold:   81         SH:  0    Dex: 25    Spells: 10/13 levels left

rFire   . . .        q - +5 dagger "Hydrabane" {heavy, rN+ MP+9 Int-3}
rCold   . . .        (no shield)
rNeg    + . .        n - +0 robe of Ved Fihi {Str-5 Dex+6 SInv Stlth+}
rPois   .            (helmet restricted)
rElec   .            (no cloak)
rCorr   .            (no gloves)
SInv    +            r - +0 pair of boots
Will    +....        v
                       - Hermit's Pendant {Faith Invo=14 Evo=0 MP+5}
Stlth   ++++         h - +6 ring of dexterity
HPRegen 0.27/turn    j - ring of wizardry
MPRegen 0.22/turn

%: faith, wizardry (x1)
@: very slightly contaminated
A: horns 1, yellow scales 1, strong-willed 1, screaming 1, strong 1
a: Renounce Religion


You were on level 6 of the Dungeon.
You worshipped Dithmenos.
Dithmenos was noncommittal.
You visited 2 branches of the dungeon, and saw 7 of its levels.

You collected 323 gold pieces.
You spent 242 gold pieces at shops.

Inventory:

Hand Weapons
 q - the +5 dagger "Hydrabane" (weapon) {heavy, rN+ MP+9 Int-3}
   (You bought it in a shop on level 3 of the Dungeon)

   Int:       It affects your intelligence (-3).
   rN:        It protects you from negative energy.
   MP:        It affects your magic capacity (+9).
Armour
 n - the +0 robe of Ved Fihi (worn) {Str-5 Dex+6 SInv Stlth+}
   (You found it on level 2 of the Dungeon)

   Str:       It affects your strength (-5).
   Dex:       It affects your dexterity (+6).
   SInv:      It lets you see invisible.
   Stlth:     It makes you more stealthy.
 r - a +0 pair of boots (worn)
Jewellery
 h - a +6 ring of dexterity (left hand)
 j - a ring of wizardry (right hand)
 v - the Hermit's Pendant (around neck) {Faith Invo=14 Evo=0 MP+5}
   (You found it on level 4 of the Dungeon)

   [amulet of faith]

   Invo=14: It sets your Invocations skill to 14.
   Evo=0: It sets your Evocations skill to 0.
   It allows you to gain divine favour quickly.
   MP:        It affects your magic capacity (+5).
Wands
 p - a wand of flame (7)
Scrolls
 e - a scroll of teleportation
 g - 2 scrolls of identify
 i - a scroll of magic mapping
 k - a scroll of poison
 l - a scroll of vulnerability
 o - 2 scrolls of amnesia
Potions
 a - 3 potions of curing
 b - a potion of magic
 c - 3 potions of attraction
 d - 4 potions of heal wounds
 f - a potion of might
 m - 4 potions of flight
 s - a potion of resistance


   Skills:
 + Level 1.1 Fighting
 + Level 0.9 Short Blades
 + Level 2.2 Dodging
 + Level 3.1 Stealth
 + Level 4.0 Spellcasting
 + Level 0.8 Transmutations
 + Level 4.6 Earth Magic


You had 10 spell levels left.
You knew the following spells:

 Your Spells              Type           Power      Damage    Failure   Level
a - Sandblast             Erth           26%        2d8       1%          1
b - Passwall              Tmut/Erth      7%         N/A       4%          2

Your spell library contained the following spells:

 Spells                   Type           Power      Damage    Failure   Level
 Stone Arrow              Conj/Erth      14%        3d7       11%         3
 Call Canine Familiar     Summ           2%         N/A       26%         3
 Ozocubu's Armour         Ice            2%         N/A       26%         3
 Portal Projectile        Hex/Tloc       4%         N/A       26%         3
 Petrify                  Tmut/Erth      9%         N/A       26%         4
 Leda's Liquefaction      Hex/Erth       3%         N/A       32%         4
 Metabolic Englaciation   Hex/Ice        1%         N/A       91%         5
 Simulacrum               Ice/Necr       1%         N/A       100%        6


Dungeon Overview and Level Annotations

Branches:
Dungeon (6/15)             Temple (1/1) D:5

Altars:
Ashenzari
Cheibriados
Dithmenos
Gozag
Hepliaklqana
Kikubaaqudgha
Makhleb
Nemelex Xobeh
Okawaru
Qazlal
Ru
Sif Muna
Trog
Uskayaw
Vehumet
Yredelemnul

Shops:
D:3 [*[   D:5 *

Annotations:
D:2 1 runed translucent door, Crazy Yiuf, Sigmund
Temple 2 transporters


Innate Abilities, Weirdness & Mutations

You have a pair of small horns on your head.
You are partially covered in yellow scales. (AC +2)
You are strong-willed. (Will+)
You occasionally shout uncontrollably at your foes.
Your muscles are strong. (Str +4, Int/Dex -1)


Message History

You can't see any susceptible monsters within range! (Use Z to cast anyway.)
You can't see any susceptible monsters within range! (Use Z to cast anyway.) Magic restored.
HP restored.
You now have 69 gold pieces (gained 6).
You now have 81 gold pieces (gained 12).
s - a potion of resistance
Found a robe.
An ice beast comes into view.
An ice beast is nearby!
A sleepcap and a water moccasin come into view.
The blast of sand hits the ice beast.
The ice beast is lightly wounded.
The blast of sand hits the ice beast but does no damage.
The ice beast is lightly wounded.
The ice beast hits you. The ice beast freezes you!
The blast of sand hits the ice beast but does no damage.
The ice beast is lightly wounded.
The ice beast hits you. The ice beast freezes you.
You are too injured to fight recklessly!
Casting: Sandblast (safe; 1% risk of failure)
Confirm with . or Enter, or press ? or * to list all spells.
Aiming: Sandblast (safe; 1% risk of failure)
Press: ? - help, Shift-Dir - straight line, f/p - ice beast
Aim: an ice beast (lightly wounded, 82% to hit)
You miscast Sandblast.
You are very lightly contaminated with residual magic.
Nothing appears to happen.
The ice beast hits you but does no damage.
Unknown command.
Casting: Sandblast (safe; 1% risk of failure)
Confirm with . or Enter, or press ? or * to list all spells.
Aiming: Sandblast (safe; 1% risk of failure)
Press: ? - help, Shift-Dir - straight line, f/p - ice beast
Aim: an ice beast (lightly wounded, 82% to hit)
The blast of sand misses the ice beast.
The ice beast hits you. The ice beast freezes you!
* * * LOW HITPOINT WARNING * * *
The ice beast hits you.
You die...

.. #. ###... .## #..##.
##[.... ...
#...#.##.....# #...
.......#.....# #....##
...#..........#
#....#.##...#...........
......... #............
#..Y.# #........#<.
#.@### #.......<...
...#....###..##.......
f.........###..........
...................>...
.S..............).......
...............##.......
#.........#.....#.......
....[...............#...
##.............#...####


You could see a water moccasin (asleep) and an ice beast.

Vanquished Creatures
  Grinder (D:4)
  A hound (D:4)
  2 jellies
  2 gnolls (D:5)
  An adder (D:5)
  A white imp (D:5)
  An ufetubus (D:4)
  7 orcs
  4 ball pythons
  6 bats
  2 endoplasms
  2 giant cockroaches (D:3)
  6 hobgoblins
  A jackal (D:1)
  4 quokkas
  3 frilled lizards
  7 goblins
  8 kobolds
  3 rats
62 creatures vanquished.

Notes
Turn   | Place    | Note
-------+----------+-------------------------------------------
     0 | D:1      | DemonSlayer the Demonspawn Earth Elementalist began the
                  | quest for the Orb.
     0 | D:1      | Reached XP level 1. HP: 13/13 MP: 3/3
   425 | D:1      | Gained mutation: You are partially covered in yellow
                  | scales. (AC +2) [demonic ancestry]
   425 | D:1      | Reached XP level 2. HP: 18/19 MP: 3/5
   428 | D:1      | Learned a level 2 spell: Passwall
  1108 | D:2      | Identified the +0 robe of Ved Fihi {Str-5 Dex+6 SInv
                  | Stlth+}
  1134 | D:2      | Found a runed translucent door.
  1135 | D:2      | Noticed Crazy Yiuf
  1185 | D:2      | Noticed Sigmund
  1278 | D:3      | Found a faded altar of an unknown god.
  1297 | D:3      | Found Ogueh's Assorted Antiques.
  1298 | D:3      | Found Herinn's Armour Boutique.
  1300 | D:3      | Reached XP level 3. HP: 24/24 MP: 6/6
  1479 | D:3      | Found Haistroa's Armour Shop.
  1997 | D:3      | Bought a jewelled dagger for 133 gold pieces
  1997 | D:3      | Identified the +5 dagger "Hydrabane" {heavy, rN+ MP+9
                  | Int-3} (You bought it in a shop on level 3 of the Dungeon)
  2302 | D:4      | Reached XP level 4. HP: 24/31 MP: 8/8
  2763 | D:4      | Found the Hermit's Pendant {Faith Invo=14 Evo=0 MP+5}
  2802 | D:4      | Noticed Grinder
  2810 | D:4      | Paralysed by Grinder for 5 turns
  2822 | D:4      | HP: 1/31 [Grinder (8)]
  2832 | D:4      | Killed Grinder
  2833 | D:4      | Reached XP level 5. HP: 34/36 MP: 7/10
  2833 | D:4      | Gained mutation: You have a pair of small horns on your
                  | head. [demonic ancestry]
  2833 | D:4      | Reached XP level 6. HP: 40/42 MP: 7/11
  3058 | D:4      | Gained mutation: Potions are less effective at restoring
                  | your health. [potion of mutation]
  3061 | D:4      | Lost mutation: Potions are less effective at restoring your
                  | health. [potion of mutation]
  3061 | D:4      | Gained mutation: You occasionally shout uncontrollably at
                  | your foes. [potion of mutation]
  3061 | D:4      | Gained mutation: Your muscles are strong. (Str +4, Int/Dex
                  | -1) [potion of mutation]
  3061 | D:4      | Gained mutation: You are strong-willed. (Will+) [potion of
                  | mutation]
  3071 | D:5      | Entered Level 5 of the Dungeon
  3071 | D:5      | Found Muts's Assorted Antiques.
  3074 | D:5      | Bought a scroll of teleportation for 84 gold pieces
  3074 | D:5      | Bought a silvery potion for 25 gold pieces
  3652 | D:5      | Found a staircase to the Ecumenical Temple.
  3663 | Temple   | Entered the Ecumenical Temple
  3663 | Temple   | Found a transporter.
  3663 | Temple   | Found a transporter.
  3665 | Temple   | Found a transporter.
  3665 | Temple   | Found a transporter.
  3684 | Temple   | Became a worshipper of Dithmenos the Shadowed
  3956 | D:5      | Noticed an ice beast
  3973 | D:5      | Reached skill level 1 in Fighting
  4027 | D:6      | Noticed an ice beast
  4028 | D:6      | Noticed a water moccasin
  4034 | D:6      | Slain by an ice beast

Illustrated notes

Levels and vault maps discovered:
D:1:      dpeg_arrival_brainrot, layout_basic
D:2:      layout_basic, basic_altar, uniq_sigmund, uniq_crazy_yiuf_cottage
D:3:      layout_basic, nicolae_elyvilon_peaceful_grove, serial_shops, shop,
          shop, shop_fountains, basic_ecumenical_altar,
          dreamdust_princess_bridge
D:4:      layout_gridville, st_stairs_14, minmay_pentangle, uniq_grinder
D:5:      layout_rooms, minmay_temple_entry_large_hall, serial_rivers,
          chequers_serial_rivers_small_b, chequers_serial_rivers_large_a,
          chequers_serial_rivers_marsh, chequers_serial_rivers_micro_a,
          chequers_serial_rivers_large_b, chequers_serial_rivers_micro_c,
          nicolae_stop_n_shop_2, hangedman_decor_diamond_cutter,
          kennysheep_generic_room_5
D:6:      layout_cave_pools, hex_large, corexii_checkpoint_b, uniq_pikel,
          uniq_maggie, uniq_edmund
Temple:   hellmonk_temple_divided_pantheon

Skill      XL: |  1  2  3  4  5  6 |
---------------+-------------------+-----
Stealth        | 2 3 |  3.1
Earth Magic    | 3 4 |  4.6
Dodging        | 2 |  2.2
Spellcasting   | 3 4 |  4.0
Fighting       | 1 |  1.1
Short Blades   | |  0.9
Transmutations | |  0.8

Action                     |  1- 3 |  4- 6 || total
---------------------------+-------+-------++-------
  Melee: Dagger            |    23 |     3 ||    26
   Cast: Sandblast         |    64 |    37 ||   101
    Use: Scroll            |       |    10 ||    10
         Potion            |       |     8 ||     8
   Stab: Sleeping          |     5 |     2 ||     7
 Armour: Robe              |    14 |     6 ||    20
  Dodge: Dodged            |    49 |    19 ||    68
